 Dungeon Crawl Stone Soup version 0.20.2-3-g29329e0561 (webtiles) character file.

9370 Alfie the Carver (level 11, -4/104 HPs)
             Began as a Minotaur Fighter on Sept 29, 2020.
             Slain by a tyrant leech (25 damage)
             ... on level 2 of the Lair of Beasts.
             The game lasted 00:30:40 (7833 turns).

Alfie the Carver (Minotaur Fighter)                 Turns: 7833, Time: 00:30:43

Health: -4/104     AC: 16    Str: 26    XL:     11   Next: 22%
Magic:  10/10      EV: 12    Int:  5    God:
Gold:   453        SH: 14    Dex: 12    Spells: 5/10 levels left

rFire    . . .     SeeInvis .   a - +1 long sword
rCold    . . .     Gourm    .   c - +1 shield
rNeg     . . .     Faith    .   b - +1 scale mail
rPois    .         Spirit   .   (helmet restricted)
rElec    .         Reflect  .   x - +0 cloak
rCorr    .         Harm     .   G - +2 pair of gloves
MR       +....                  q - +1 pair of boots
Stlth    ..........             (no amulet)
Regen    0.3/turn               i - ring of protection from magic
MPRegen  0.2/turn               (no ring)

@: no status effects
A: retaliatory headbutt, horns 2, agile 1, blink, robust 1, strong 1
a: Blink


You were on level 2 of the Lair of Beasts.
You were hungry.

You visited 2 branches of the dungeon, and saw 11 of its levels.
You also visited: Sewer.

You collected 565 gold pieces.
You spent 112 gold pieces at shops.

Inventory:

Hand Weapons
 a - a +1 long sword (weapon)
Missiles
 B - 4 poisoned tomahawks (quivered)
Armour
 b - a +1 scale mail (worn)
 c - a +1 shield (worn)
 q - a +1 pair of boots (worn)
 x - a +0 cloak (worn)
 G - a +2 pair of gloves (worn)
Jewellery
 i - a ring of protection from magic (left hand)
 z - an uncursed ring of resist corrosion
 A - an uncursed ring of positive energy
 E - an uncursed ring of magical power
Wands
 g - a wand of acid (2/15)
 j - a wand of polymorph (0/24)
 l - a wand of acid (4/15)
 m - a wand of flame (18/48)
 p - a wand of random effects (20/48)
 y - a wand of digging (24/24)
 I - a wand of clouds (5/9)
Scrolls
 d - a scroll of fear
 e - 4 scrolls of teleportation
 k - a scroll of amnesia
 n - 6 scrolls of remove curse
 r - a scroll of blinking
 u - a scroll of fog
 F - 2 scrolls of identify
 H - a scroll of acquirement {unknown}
Potions
 o - 4 potions of mutation
 s - a potion of brilliance {unknown}
 t - 2 potions of agility {unknown}
 v - a potion of ambrosia {unknown}
Books
 C - Joebusux's Disquisition on Assistive Calling
   (You found it on level 6 of the Dungeon)

   Spells                             Type                      Level
   a - Swiftness                      Charms/Air                   2
   b - Summon Guardian Golem          Hexes/Summoning              3
   c - Call Canine Familiar           Summoning                    3
   d - Aura of Abjuration             Summoning                    5
Comestibles
 f - 2 bread rations
 h - 4 meat rations
 w - 2 royal jellies
 D - a fruit


   Skills:
 + Level 8.7 Fighting
 + Level 11.8 Long Blades
 + Level 9.5 Armour
 + Level 6.0 Dodging
 + Level 1.1 Stealth
 + Level 11.1 Shields
 + Level 0.4 Unarmed Combat
 + Level 0.8 Evocations


You had 5 spell levels left.
You knew the following spells:

 Your Spells              Type           Power        Failure   Level  Hunger
a - Animate Skeleton      Necr           N/A          87%         1    ##.....
b - Summon Guardian Gole  Hex/Summ       #.......     99%         3    ####...
c - Corona                Hex            #......      87%         1    ##.....


Dungeon Overview and Level Annotations

Branches:
Dungeon (9/15)             Temple (0/1) D:7            Lair (2/6) D:9
  Swamp: Lair:2-4    Shoals: Lair:2-4     Snake: Lair:2-4    Spider: Lair:2-4
    Orc: D:9-12

Altars:
Ashenzari
Cheibriados
Dithmenos
Gozag
Kikubaaqudgha
Makhleb
Ru
Sif Muna
Trog
Vehumet
Zin
The Shining One

Shops:
D:4 }   D:8 ?

Annotations:
D:3 1 runed door
D:5 Prince Ribbit


Innate Abilities, Weirdness & Mutations

You reflexively headbutt those who attack you in melee.
You have a pair of horns on your head.
You are agile. (Dex +2)
You can translocate small distances at will.
You are robust. (+10% HP)
Your muscles are strong. (Str +2)


Message History

You hit the tyrant leech. Your headbutt misses the tyrant leech.
The tyrant leech is severely wounded.
The tyrant leech bites you.
* * * LOW HITPOINT WARNING * * *
The tyrant leech draws strength from your injuries!
You barely miss the hippogriff. You block the hippogriff's attack. x2
The hippogriff claws you but does no damage.
You slash the hippogriff! You headbutt the hippogriff!
The hippogriff is severely wounded.
The tyrant leech bites you.
* * * LOW HITPOINT WARNING * * *
The tyrant leech draws strength from your injuries!
You slash the hippogriff!
You headbutt the hippogriff, but do no damage.
The hippogriff is almost dead.
The hippogriff bites you.
* * * LOW HITPOINT WARNING * * *
The hippogriff pecks you but does no damage.
You block the hippogriff's attack. The tyrant leech bites you!!
You die...

#...## #...P#
........#
##..##
#.......#
##..P#
#.......#
##P..#♣
#.......#
.....♣
#.......#
.....♣
♣#.......#
.....♣
§♣♣....H...#
.....♣
§§§...w@...#
.....♣
§≈♣........##
.....♣♣
♣.........##
P.#...♣♣
♣...........#
####...#
♣#####....###
##..##
#.....#.#
#...#
##.....##
##..# #.....#
#..##
##....##


You could see a tyrant leech and a hippogriff.

Vanquished Creatures
  The ghost of Alfie the Carver, a novice MiFi (D:8)
  An unseen horror (D:8)
  The ghost of Alfie the Carver, a novice MiFi (D:9)
  A faun (D:9)
  A manticore (D:8)
  3 komodo dragons
  The ghost of Alfie the Shield-Bearer, an amateur MiFi (D:5)
  4 hippogriffs
  4 yaks
  Sigmund (D:3)
  The ghost of Alfie the Covered, an amateur MiFi (D:4)
  A wyvern (D:8)
  Menkaure (D:4)
  Edmund (D:4)
  Duvessa (D:5)
  2 orc warriors
  A necrophage (D:7)
  An ice beast (D:7)
  2 black bears
  A phantom (D:7)
  4 ogres
  A centaur (D:6)
  3 big kobolds (Sewer)
  2 crocodiles
  5 bullfrogs
  2 scorpions (D:9)
  Dowan (D:5)
  6 killer bees (D:9)
  12 wights
  3 howler monkeys (D:7)
  3 crimson imps
  A bullfrog zombie (D:9)
  5 hounds
  A jelly (D:6)
  4 orc priests
  5 orc wizards
  A bullfrog skeleton (D:7)
  A gnoll shaman (D:5)
  5 worker ants
  Ijyb (D:3)
  Natasha (thrice) (D:3)
  2 hound zombies
  A worker ant zombie (D:6)
  Robin (D:2)
  11 gnolls
  9 adders
  3 river rats (Sewer)
  A shadow imp (D:6)
  2 oozes (Sewer)
  2 adder skeletons
  10 worms
  4 dart slugs
  4 leopard geckos
  25 orcs
  4 ball pythons
  11 bats
  5 giant cockroaches
  9 goblins
  9 hobgoblins
  20 jackals
  5 quokkas
  3 frilled lizards
  19 kobolds
  2 quokka skeletons
  12 rats
273 creatures vanquished.

Vanquished Creatures (others)
  2 fungi (D:9)
2 creatures vanquished.

Grand Total: 275 creatures vanquished

Notes
Turn   | Place    | Note
-------+----------+-------------------------------------------
     0 | D:1      | Alfie the Minotaur Fighter began the quest for the Orb.
     0 | D:1      | Reached XP level 1. HP: 19/19 MP: 0/0
   113 | D:1      | Reached XP level 2. HP: 25/27 MP: 1/1
   508 | D:1      | Reached XP level 3. HP: 33/33 MP: 2/2
  1157 | D:2      | Noticed Robin
  1166 | D:2      | Killed Robin
  1181 | D:2      | Reached XP level 4. HP: 25/40 MP: 3/3
  1434 | D:2      | Reached skill level 1 in Dodging
  1532 | D:2      | Found a radiant altar of Vehumet.
  1537 | D:2      | Found an ancient bone altar of Kikubaaqudgha.
  1538 | D:2      | Found a deep blue altar of Sif Muna.
  1548 | D:2      | Identified Kikubaaqudgha's Disquisition on Dark Magic
  1552 | D:2      | Learned a level 1 spell: Animate Skeleton
  1734 | D:2      | Found an opulent altar of Gozag.
  1734 | D:2      | Found a glowing silver altar of Zin.
  1815 | D:3      | Noticed Sigmund
  1830 | D:3      | Killed Sigmund
  1830 | D:3      | Reached skill level 5 in Armour
  1830 | D:3      | Reached XP level 5. HP: 33/47 MP: 4/4
  1904 | D:3      | Noticed Ijyb
  1911 | D:3      | HP: 1/47 [acid (9)]
  1912 | D:3      | Killed Ijyb
  1912 | D:3      | Reached XP level 6. HP: 1/53 MP: 5/5
  1927 | D:3      | Found a glowing golden altar of the Shining One.
  1927 | D:3      | Noticed an angel
  1928 | D:3      | Found a runed door.
  2020 | D:3      | Reached skill level 5 in Long Blades
  2127 | D:3      | Noticed Natasha
  2132 | D:3      | Killed Natasha
  2202 | D:3      | Found a sacrificial altar of Ru.
  2226 | D:3      | Found a bloodstained altar of Trog.
  2290 | D:3      | Noticed Natasha
  2301 | D:3      | Killed Natasha
  2431 | D:3      | Noticed Natasha
  2437 | D:3      | Killed Natasha
  2623 | D:4      | Noticed Alfie's ghost (amateur MiFi)
  2639 | D:4      | Killed Alfie's ghost
  2639 | D:4      | Reached skill level 5 in Fighting
  2639 | D:4      | Reached skill level 5 in Shields
  2639 | D:4      | Reached XP level 7. HP: 16/61 MP: 6/6
  2652 | D:4      | Noticed Menkaure
  2658 | D:4      | Killed Menkaure
  3171 | D:4      | Noticed Edmund
  3187 | D:4      | Killed Edmund
  3246 | D:4      | Found Himufrasm's Gadget Boutique.
  3458 | D:5      | Entered Level 5 of the Dungeon
  3490 | D:5      | Reached XP level 8. HP: 48/68 MP: 7/7
  3519 | D:5      | Noticed Dowan
  3528 | D:5      | Killed Dowan
  3532 | D:5      | Noticed Duvessa
  3544 | D:5      | Killed Duvessa
  3675 | D:5      | Noticed Prince Ribbit
  3684 | D:5      | Noticed Alfie's ghost (amateur MiFi)
  3685 | D:5      | Gained mutation: Your muscles are strong. (Str +2) [potion of mutation]
  3685 | D:5      | Gained mutation: You are agile. (Dex +2) [potion of mutation]
  3685 | D:5      | Gained mutation: You can translocate small distances at will. [potion of mutation]
  3685 | D:5      | Gained mutation: You are robust. (+10% HP) [potion of mutation]
  3707 | D:5      | Killed Alfie's ghost
  4157 | D:6      | Found a shattered altar of Ashenzari.
  4194 | D:6      | Found a glowing drain.
  4218 | Sewer    | Entered a sewer
  4520 | Sewer    | Reached XP level 9. HP: 82/82 MP: 8/8
  5042 | D:6      | Identified Joebusux's Disquisition on Assistive Calling
  5048 | D:6      | Learned a level 3 spell: Summon Guardian Golem
  5348 | D:7      | Found a staircase to the Ecumenical Temple.
  5800 | D:8      | Killed an unseen horror
  5800 | D:8      | Reached skill level 10 in Long Blades
  5828 | D:8      | Noticed a two-headed ogre
  5882 | D:8      | Reached skill level 5 in Dodging
  5882 | D:8      | Reached XP level 10. HP: 50/94 MP: 9/9
  5923 | D:8      | Noticed Alfie's ghost (novice MiFi)
  5943 | D:8      | Killed Alfie's ghost
  5977 | D:8      | Found a faded altar of an unknown god.
  5977 | D:8      | Found a faded altar of an unknown god.
  5982 | D:8      | Found a glowing golden altar of the Shining One.
  5989 | D:8      | Found a snail-covered altar of Cheibriados.
  5991 | D:8      | Found a burning altar of Makhleb.
  6077 | D:8      | Noticed a manticore
  6077 | D:8      | a two-headed ogre changed into a manticore
  6080 | D:8      | Killed a manticore
  6122 | D:8      | Found Wunaudiw's Magic Scroll Shop.
  6166 | D:8      | Bought a scroll of identify for 28 gold pieces
  6166 | D:8      | Bought a scroll of identify for 28 gold pieces
  6166 | D:8      | Bought a scroll of identify for 28 gold pieces
  6166 | D:8      | Bought a scroll of identify for 28 gold pieces
  6210 | D:8      | Reached skill level 10 in Shields
  6478 | D:9      | Noticed Alfie's ghost (novice MiFi)
  6504 | D:9      | Killed Alfie's ghost
  6532 | D:9      | Reached skill level 1 in Stealth
  6591 | D:9      | Noticed a two-headed ogre
  6596 | D:9      | Noticed a faun
  6596 | D:9      | a two-headed ogre changed into a faun
  6613 | D:9      | Killed a faun
  6826 | D:9      | Learned a level 1 spell: Corona
  6977 | D:9      | Reached XP level 11. HP: 72/104 MP: 10/10
  7023 | D:9      | Found a staircase to the Lair.
  7043 | Lair:1   | Entered Level 1 of the Lair of Beasts
  7199 | Lair:1   | Found a shadowy altar of Dithmenos.
  7833 | Lair:2   | Slain by a tyrant leech

Skill      XL: |  1  2  3  4  5  6  7  8  9 10 11 |
---------------+----------------------------------+-----
Armour         | 4 5 6 7 8 9 |  9.5
Fighting       | 4 5 6 7 8 |  8.7
Shields        | 4 5 7 9 10 11 | 11.1
Long Blades    | 3 4 6 7 8 10 11 | 11.8
Dodging        | 2 3 5 6 |  6.0
Stealth        | 1 |  1.1
Unarmed Combat | |  0.4
Evocations     | |  0.8

Action                   |  1- 3 |  4- 6 |  7- 9 | 10-12 || total
-------------------------+-------+-------+-------+-------++-------
Melee: Long sword        |    90 |   122 |   429 |   316 ||   957
       Headbutt          |    12 |    20 |    79 |    84 ||   195
       Unarmed           |       |     7 |       |       ||     7
Throw: Tomahawk          |       |       |       |     3 ||     3
Evoke: Wand              |       |       |     1 |     4 ||     5
  Use: Scroll            |     4 |     3 |    16 |     4 ||    27
       Potion            |       |     3 |     4 |     2 ||     9
  Eat: Chunk             |       |     2 |       |       ||     2
       Fruit             |       |     1 |       |     6 ||     7
       Royal jelly       |       |     1 |       |       ||     1
       Bread ration      |       |     1 |     1 |       ||     2
       Meat ration       |       |       |     1 |       ||     1
Armor: Scale mail        |    54 |    50 |   157 |    62 ||   323
       Skin              |       |     3 |       |       ||     3
Dodge: Dodged            |    34 |    49 |   130 |    87 ||   300
Block: Shield            |    47 |    61 |   287 |   179 ||   574
       Rpst.: Long sword |     7 |    13 |    35 |    21 ||    76
